 Dungeon Sprint DCSS version 0.28-a0-1389-gc726bef33b (webtiles) character file.

Game seed: 15515057671180116578

606 krftpnk the Fighter (level 7, -6/73 HPs)
             Began as a Hill Orc Fighter on Jan 4, 2022.
             Was an Initiate of Okawaru.
             Mangled by Sonja (9 damage)
             ... in the Dungeon (Sprint I: "Red Sonja").
             The game lasted 00:10:25 (682 turns).

krftpnk the Fighter (Hill Orc Fighter)               Turns: 682, Time: 00:10:26

Health: -6/73      AC:  8    Str: 21    XL:     7   Next: 42%
Magic:  7/7        EV: 10    Int:  8    God:    Okawaru [......]
Gold:   297        SH:  6    Dex: 10    Spells: 6/6 levels left

rFire   . . .      SeeInvis .   a - +0 war axe
rCold   . . .      Faith    .   c - +0 buckler
rNeg    . . .      Spirit   .   b - +0 scale mail
rPois   .          Reflect  .   (no helmet)
rElec   .          Harm     .   (no cloak)
rCorr   .          Rampage  .   (no gloves)
Will    .....      NoTele   +   (no boots)
Stlth   ..........              (no amulet)
HPRegen 0.22/turn               (no ring)
MPRegen 0.10/turn               (no ring)

@: mighty, lethally poisoned (-6 -> -60)
A: no striking features
a: Renounce Religion


You were in the Dungeon.
You worshipped Okawaru.
Okawaru was noncommittal.
You visited 1 branch You collected 297 gold pieces.

Inventory:

Hand Weapons
 a - a +0 war axe (weapon)
 f - a +0 scythe
 m - a +0 club
Armour
 b - a +0 scale mail (worn)
 c - a +0 buckler (worn)
 j - a +0 robe
 l - a +0 leather armour
 o - a +0 chain mail
Wands
 k - a wand of iceblast (5)
Potions
 g - a potion of haste
 h - 2 potions of magic
 i - a potion of berserk rage
 n - a potion of mutation {unknown}


   Skills:
 + Level 10.5 Fighting
 + Level 9.5 Axes
 + Level 9.7 Armour
 + Level 8.9 Shields
 + Level 1.5 Evocations


You had 6 spell levels left.
You didn't know any spells.
Your spell library was empty.

Dungeon Overview and Level Annotations

Branches:
Dungeon (1/1)

Altars:
Cheibriados
Dithmenos
Elyvilon
Fedhas
Gozag
Hepliaklqana
Kikubaaqudgha
Makhleb
Nemelex Xobeh
Okawaru
Qazlal
Ru
Sif Muna
Trog
Uskayaw
Vehumet
Wu Jian
Xom
Yredelemnul
Zin
The Shining One
Jiyva
Lugonu

Shops:
D [

Annotations:
D Sonja


Message History

Sonja blinks!
Sonja hits you with a +2 dagger of venom.
You are poisoned.
Sonja hits you but does no damage.
You are more poisoned.
Sonja hits you but does no damage.
You are more poisoned.
There is an open door here.
You barely miss Sonja.
Sonja is heavily wounded.
You feel very sick.
Sonja hits you with a +2 dagger of venom!
You are more poisoned.
Sonja hits you with a +2 dagger of venom.
You are more poisoned.
You block Sonja's attack.
You feel very mighty all of a sudden.
You feel extremely sick. Sonja closely misses you. You block Sonja's attack.
Sonja hits you but does no damage.
Sonja hits you with a +2 dagger of venom!
You are lethally poisoned!
Sonja hits you with a +2 dagger of venom.
You are more poisoned.
Sonja hits you but does no damage.
You are more poisoned.
You completely miss Sonja.
Sonja is heavily wounded.
* * * LOW HITPOINT WARNING * * *
You feel extremely sick. Sonja hits you but does no damage.
You are more poisoned.
You block Sonja's attack. Sonja hits you but does no damage.
You are more poisoned.
You closely miss Sonja.
Sonja is heavily wounded.
* * * LOW HITPOINT WARNING * * *
You feel extremely sick.
Sonja hits you with a +2 dagger of venom!
You die...

###################
#<.#..'..#..'..#__#
#..)..#..'..#..'..+
#..#####'#####'#__#
#..####..#...#.####
#..#__####.K##.#
#..#_____##@#_.+
#⌠⌠#_.∩...'..._#
####_..__##_.#'#
#_____###'#[#
####### #.### $.$
$.$ ##.## #+#


You could see Sonja.

Vanquished Creatures
  A slime creature (D)
  Sigmund (D)
  A yak (D)
  An ogre (D)
  A jelly (D)
  Ijyb (D)
6 creatures vanquished.

Notes
Turn   | Place    | Note
-------+----------+-------------------------------------------
     0 | D        | krftpnk the Hill Orc Fighter began the quest for the Orb.
     0 | D        | Reached XP level 1. HP: 19/19 MP: 1/1
     1 | D        | Noticed Ijyb
     7 | D        | Killed Ijyb
     8 | D        | Reached skill level 5 in Fighting
     8 | D        | Reached XP level 2. HP: 23/29 MP: 2/2
     8 | D        | Reached XP level 3. HP: 29/36 MP: 3/3
    62 | D        | Noticed an ogre
    68 | D        | Killed an ogre
    69 | D        | Reached skill level 7 in Fighting
    69 | D        | Reached skill level 5 in Axes
    69 | D        | Reached XP level 4. HP: 47/47 MP: 4/4
    84 | D        | Noticed Sigmund
    95 | D        | Killed Sigmund
    96 | D        | Reached skill level 8 in Fighting
    96 | D        | Reached XP level 5. HP: 38/56 MP: 5/5
    96 | D        | Reached XP level 6. HP: 42/62 MP: 6/6
   305 | D        | Found an ornate altar of the Wu Jian Council.
   305 | D        | Found a shimmering blue altar of Sif Muna.
   307 | D        | Found a radiant altar of Vehumet.
   310 | D        | Reached skill level 9 in Fighting
   310 | D        | Reached skill level 1 in Evocations
   332 | D        | Found Ofrish's Antique Armour Emporium.
   332 | D        | Found an ancient bone altar of Kikubaaqudgha.
   332 | D        | Found a hazy altar of Hepliaklqana.
   332 | D        | Found a stormy altar of Qazlal.
   332 | D        | Found a hide-covered altar of Uskayaw.
   332 | D        | Found a blossoming altar of Fedhas.
   332 | D        | Found a bloodstained altar of Trog.
   332 | D        | Found an iron altar of Okawaru.
   332 | D        | Found a basalt altar of Yredelemnul.
   332 | D        | Found a glowing golden altar of the Shining One.
   332 | D        | Found a snail-covered altar of Cheibriados.
   332 | D        | Found a sacrificial altar of Ru.
   332 | D        | Found a glowing silver altar of Zin.
   332 | D        | Found a shadowy altar of Dithmenos.
   332 | D        | Found a white marble altar of Elyvilon.
   332 | D        | Noticed a yak
   338 | D        | Killed a yak
   339 | D        | Found an opulent altar of Gozag.
   340 | D        | Found a sparkling altar of Nemelex Xobeh.
   369 | D        | Found a burning altar of Makhleb.
   369 | D        | Found a viscous altar of Jiyva.
   369 | D        | Found a shimmering altar of Xom.
   369 | D        | Found a corrupted altar of Lugonu.
   369 | D        | Noticed a slime creature
   376 | D        | Killed a slime creature
   377 | D        | Reached skill level 10 in Fighting
   377 | D        | Reached XP level 7. HP: 34/73 MP: 7/7
   399 | D        | Became a worshipper of Warmaster Okawaru
   671 | D        | Noticed Sonja
   682 | D        | HP: 3/73 [poisoned by Sonja]
   682 | D        | Mangled by Sonja

Illustrated notes

Levels and vault maps discovered:
D:        dungeon_sprint_1 [red_sonja_temple_1, red_sonja_temple_small_1]

Skill      XL: |  1  2  3  4  5  6 |
---------------+-------------------+-----
Fighting       | 5 7 8 10 | 10.5
Axes           | 3 5 7 9 |  9.5
Armour         | 4 6 7 9 |  9.7
Shields        | 4 6 7 8 |  8.9
Evocations     | 1 |  1.5

Action                   |  1- 3 |  4- 6 |  7- 9 || total
-------------------------+-------+-------+-------++-------
Melee: War axe           |     7 |    18 |     5 ||    30
Evoke: Wand              |     2 |     1 |     2 ||     5
  Use: Potion            |     1 |       |     2 ||     3
       Scroll            |     1 |       |       ||     1
Armor: Scale mail        |     1 |     3 |     8 ||    12
Dodge: Dodged            |     1 |     2 |     2 ||     5
Block: Buckler           |     2 |     3 |     4 ||     9

Table legend: (Time is in decaauts)
 A = Elapsed time spent in this place.
 B = Non-inter-level travel time spent in this place.
 C = Inter-level travel time spent in this place.
 D = Time resting spent in this place.
 E = Time spent auto-exploring this place.
 F = Levels seen in this place.
 G = Mean time per level.
                   A        B        C        D        E       F      G
               +--------+--------+--------+--------+--------+-----+--------+
         Total |    687 |    609 |     78 |    448 |     30 |   1 |  687.0 |
       Dungeon |    687 |    609 |     78 |    448 |     30 |   1 |  687.0 |
               +--------+--------+--------+--------+--------+-----+--------+

Top non-repeatable levels by time:
       D: 687 daAuts
